AoeStats
← Autopawn

MegaRandom

508152866Analyzed
3v3 RM · 10d ago on Sep 21, 2026· 75m 40s· 6 players
Game mode
Random Map
Map size
Normal (6 player)
Population
200
Speed
Normal
Resources
Standard
Victory
Conquest
Starting age
Dark Age
Ending age
Imperial Age
RankedLock teamsTeams togetherTeam positionsShared explorationLock speedFull tech treeHidden civsTurbo modeCheats
Victory
Defeat
🇺🇸 Italians · United States
1073
+14
🇨🇦 Vietnamese · Canada
995
+17
🇺🇸 Lithuanians · United States
980
+17
🇨🇱 Mapuche · Chile
1034
-17
🇨🇱 Byzantines · Chile
1013
-16
🇨🇱 Saracens · Chile
999
-15
Autopawn
5:17 Loom
11:54 Feudal Age
14:51 Double-Bit Axe
21:35 Castle Age
20:13 Scale Barding Armor
21:25 Forging
23:56 Chain Barding Armor
26:40 Wheelbarrow
26:32 Husbandry
26:46 Fletching
28:00 Elite Skirmisher
28:55 Padded Archer Armor
29:54 Leather Archer Armor
33:30 Imperial Age
32:00 Horse Collar
33:43 Husbandry
34:23 Gold Mining
34:33 Heavy Camel Rider
36:45 Hand Cart
36:54 Stone Mining
37:53 Bodkin Arrow
40:46 Bracer
42:01 Ballistics
43:06 Ring Archer Armor
47:54 Plate Barding Armor
50:25 Chemistry
50:29 Iron Casting
50:36 Man-at-Arms
51:23 Scale Mail Armor
51:36 Gambesons
51:52 Squires
52:46 Chain Mail Armor
51:53 Long Swordsman
53:12 Two-Handed Swordsman
56:10 Thumb Ring
56:09 Pikeman
57:06 Halberdier
58:04 Heavy Plow
60:11 Conscription
60:53 Bow Saw
61:18 Crop Rotation
60:23 Champion
61:51 Plate Mail Armor
69:50 Two-Man Saw
70:10 Light Cavalry
72:07 Logistica
alfredoruninm
8:07 Loom
12:10 Feudal Age
15:51 Castle Age
13:42 Double-Bit Axe
14:20 Fletching
15:18 Horse Collar
21:10 Bodkin Arrow
23:07 Padded Archer Armor
27:31 Wheelbarrow
27:42 Bow Saw
27:33 Heavy Plow
26:54 Elite Skirmisher
27:25 Gold Mining
29:31 Hand Cart
31:18 Ballistics
31:01 Malon
31:18 Leather Archer Armor
33:59 Town Watch
37:43 Imperial Age
36:35 Masonry
37:35 Town Patrol
37:59 Elite Bolas Rider
38:58 Butalmapu
39:26 Ring Archer Armor
40:07 Chemistry
41:59 Bombard Tower
41:35 Murder Holes
42:11 Architecture
42:35 Scale Mail Armor
42:46 Forging
43:37 Champi Runner
44:04 Arson
45:49 Treadmill Crane
46:47 Chain Mail Armor
47:10 Iron Casting
46:34 Champi Warrior
47:29 Elite Champi Warrior
47:30 Pikeman
49:05 Conscription
49:23 Hoardings
48:33 Halberdier
50:11 Plate Mail Armor
50:41 Blast Furnace
gabrieloresp
11:47 Feudal Age
10:43 Loom
16:38 Castle Age
19:24 Double-Bit Axe
28:50 Bloodlines
32:15 Wheelbarrow
33:06 Forging
33:05 Scale Barding Armor
33:24 Husbandry
39:28 Imperial Age
36:58 Horse Collar
39:01 Iron Casting
40:01 Hand Cart
41:15 Blast Furnace
41:32 Elite Mameluke
42:25 Bimaristan
43:00 Gold Mining
45:35 Fletching
45:32 Light Cavalry
46:35 Chain Barding Armor
52:49 Hussar
55:02 Hussar
55:38 Heavy Camel Rider
58:08 Conscription
60:00 Heavy Plow
66:49 Bodkin Arrow
67:31 Plate Barding Armor
hobogenius
10:50 Feudal Age
15:06 Castle Age
13:19 Double-Bit Axe
15:49 Stone Mining
17:06 Loom
17:22 Fletching
17:50 Bow Saw
23:13 Bodkin Arrow
23:50 Padded Archer Armor
24:12 Horse Collar
27:12 Wheelbarrow
27:16 Thumb Ring
27:36 Ballistics
29:48 Heavy Plow
30:39 Gold Mining
31:25 Stone Shaft Mining
32:51 Husbandry
35:06 Hand Cart
38:25 Imperial Age
37:25 Bloodlines
39:49 Conscription
40:35 Chemistry
39:38 Bracer
39:53 Leather Archer Armor
42:34 Elite Genoese Crossbowman
51:17 Ring Archer Armor
64:04 Two-Man Saw
62:53 Town Watch
65:05 Silk Road
65:06 Masonry
66:55 Pikeman
68:34 Squires
69:18 Caravan
73:52 Forging
73:42 Scale Mail Armor
MA
2:25 Loom
12:05 Feudal Age
15:01 Double-Bit Axe
14:57 Horse Collar
20:58 Castle Age
20:09 Stone Mining
25:05 Bow Saw
24:59 Heavy Plow
28:02 Wheelbarrow
29:53 Hand Cart
31:30 Murder Holes
31:19 Elite Skirmisher
33:45 Stone Shaft Mining
37:47 Imperial Age
36:49 Fletching
37:02 Padded Archer Armor
39:28 Chemistry
37:52 Imperial Skirmisher
38:52 Elite Fire Lancer
41:32 Leather Archer Armor
43:30 Paper Money
43:04 Gold Mining
44:16 Two-Man Saw
44:00 Crop Rotation
45:53 Bodkin Arrow
48:50 Town Watch
49:28 Ballistics
49:10 Bracer
49:21 Forging
49:12 Scale Mail Armor
50:01 Ring Archer Armor
49:50 Town Patrol
50:20 Pikeman
51:01 Squires
51:39 Halberdier
57:30 Husbandry
65:09 Iron Casting
66:25 Chain Mail Armor
69:01 Plate Mail Armor
68:37 Scale Barding Armor
Ggryf
9:19 Feudal Age
9:49 Double-Bit Axe
9:54 Loom
9:55 Horse Collar
12:57 Scale Barding Armor
14:19 Forging
14:55 Bloodlines
14:49 Horse Collar
21:24 Castle Age
22:19 Husbandry
24:14 Wheelbarrow
24:19 Bow Saw
24:13 Heavy Plow
25:14 Chain Barding Armor
27:00 Hand Cart
27:51 Gold Mining
28:33 Fletching
29:18 Iron Casting
29:34 Bodkin Arrow
30:12 Light Cavalry
32:17 Padded Archer Armor
36:35 Imperial Age
38:11 Winged Hussar
39:28 Plate Barding Armor
40:10 Conscription
39:18 Elite Leitis
40:20 Conscription
40:36 Hoardings
43:02 Chemistry
44:10 Leather Archer Armor
43:56 Scale Mail Armor
45:53 Tower Shields
47:57 Elite Skirmisher
48:43 Thumb Ring
49:10 Ring Archer Armor
48:41 Bracer
50:47 Imperial Skirmisher
69:17 Crop Rotation
74:33 Caravan
Connection lost

Rejoining the realm…

Still unreachable

The connection could not be restored.

Session expired

The server has moved on; the page needs a fresh start.